 Dungeon Crawl Stone Soup version 0.30-a0-591-g3c58d2bc28 (webtiles) character file.

Game seed: 18285449431383677370

25850 bande the Cleaver (level 13, -2/81 HPs)
             Began as a Gargoyle Fighter on Jan 5, 2023.
             Was a High Priest of Okawaru.
             Slain by a seven-headed hydra (4 damage)
             ... on level 5 of the Lair of Beasts.
             The game lasted 00:22:23 (15763 turns).

bande the Cleaver (Gargoyle Fighter)               Turns: 15763, Time: 00:22:23

Health: -2/81      AC: 30    Str: 20    XL:     13   Next: 22%
Magic:  16/18      EV: 12    Int: 10    God:    Okawaru [*****.]
Gold:   575        SH:  7    Dex: 13    Spells: 12/12 levels left

rFire   + . .      SeeInvis .    E - +3 flail
rCold   . . .      Faith    .    c - +0 buckler
rNeg    + . .      Spirit   .    L - +2 scale mail {Will+}
rPois   ∞          Reflect  .    (helmet restricted)
rElec   +          Harm     .    (no cloak)
rCorr   +          Rampage  .    A - +0 pair of gloves
Will    ++...                    e - +1 pair of boots
Stlth   +                        (no amulet)
HPRegen 0.33/turn                z - ring of resist corrosion
MPRegen 0.16/turn                H - +4 ring of protection

@: heroic
A: sickness immunity, AC +9, negative energy resistance 1, electricity
resistance, torment resistance 1, petrification resistance, horns 1, fire
resistance 1, strong-willed 1
a: Renounce Religion, Heroism, Finesse, Duel


You were on level 5 of the Lair of Beasts.
You worshipped Okawaru.
Okawaru was extremely pleased with you.
You visited 3 branches of the dungeon, and saw 14 of its levels.

You collected 575 gold pieces.

Inventory:

Hand Weapons
 a - a +0 war axe
 j - a +4 vampiric broad axe
 w - a +1 arbalest of flaming
 E - a +3 flail (weapon)
Missiles
 u - 6 throwing nets (quivered)
Armour
 c - a +0 buckler (worn)
 e - a +1 pair of boots (worn)
 i - a +0 scale mail of cold resistance
 m - a +2 helmet
 A - a +0 pair of gloves (worn)
 L - a +2 scale mail of willpower (worn)
Jewellery
 z - a ring of resist corrosion (left hand)
 G - a ring of see invisible
 H - a +4 ring of protection (right hand)
 J - a ring of wizardry
Wands
 o - a wand of paralysis (13)
 p - a wand of iceblast (4)
 q - a wand of mindburst (53)
 y - a wand of flame (23)
 F - a wand of polymorph (12)
Scrolls
 b - a scroll of fear
 k - 3 scrolls of fog
 t - a scroll of enchant armour
 x - a scroll of teleportation
 B - a scroll of poison {unknown}
 K - a scroll of amnesia
Potions
 d - a potion of might
 f - a potion of cancellation
 h - 2 potions of invisibility
 l - 3 potions of resistance
 n - a potion of ambrosia
 r - a potion of magic
 s - 2 potions of brilliance
 v - 2 potions of flight
 C - 5 potions of curing
Miscellaneous
 I - a piece from Xom's chessboard (15/15)


   Skills:
 + Level 9.7(14.7) Fighting
 + Level 12.8(17.8) Axes
 + Level 10.4(15.4) Armour
 + Level 7.6(12.6) Shields
 * Level 7.8 Invocations
 * Level 7.3 Evocations


You had 12 spell levels left.
You didn't know any spells.
Your spell library contained the following spells:

 Spells                   Type           Power      Damage    Failure   Level
 Kiss of Death            Conj/Necr      0%         2d5       67%         1
 Sandblast                Erth           0%         2d4       67%         1
 Blink                    Tloc           0%         N/A       80%         2
 Ensorcelled Hibernation  Hex/Ice        0%         N/A       80%         2
 Passwall                 Tmut/Erth      0%         N/A       80%         2
 Confusing Touch          Hex            0%         N/A       95%         3
 Ignite Poison            Fire/Tmut/Pois 0%         N/A       95%         3
 Kindle Blastsparks       Fire/Tloc/Air  0%         2d10      95%         3
 Stone Arrow              Conj/Erth      0%         3d7       95%         3
 Swiftness                Air            0%         N/A       95%         3
 Dispel Undead            Necr           0%         3d6       100%        4
 Manifold Assault         Tloc           0%         N/A       100%        4
 Petrify                  Tmut/Erth      0%         N/A       100%        4
 Freezing Cloud           Conj/Ice/Air   0%         6-21      100%        5
 Irradiate                Conj/Tmut      0%         3d11      100%        5
 Storm Form               Tmut/Air       0%         N/A       100%        7
 Summon Small Mammal      Summ           Unusable   N/A       N/A         1
 Sublimation of Blood     Necr           Unusable   N/A       N/A         2
 Call Canine Familiar     Summ           Unusable   N/A       N/A         3
 Summon Guardian Golem    Hex/Summ       Unusable   N/A       N/A         3

Dungeon Overview and Level Annotations

Branches:
Dungeon (8/15)             Temple (1/1) D:7            Lair (5/5) D:8
  Swamp (0/4) Lair:3        Snake (0/4) Lair:3        Slime (0/5) Lair:5

Altars:
Ashenzari
Cheibriados
Elyvilon
Fedhas
Gozag
Hepliaklqana
Kikubaaqudgha
Okawaru
Qazlal
Ru
Sif Muna
Trog
Uskayaw
Vehumet
Wu Jian
Yredelemnul
Zin
The Shining One

Annotations:
D:4 2 transporters


Innate Abilities, Weirdness & Mutations

You are immune to sickness and miasma.
Your stone body is resilient. (AC +9)
You are immune to poison.
You resist negative energy. (rN+)
You are resistant to electric shocks. (rElec)
You are resistant to unholy torment.
You are immune to petrification.
You have a pair of small horns on your head.
Your flesh is heat resistant. (rF+)
You are strong-willed. (Will+)


Message History

* * * LOW HITPOINT WARNING * * *
The seven-headed hydra closely misses you.
The seven-headed hydra bites you but does no damage.
The seven-headed hydra barely misses you.
The seven-headed hydra bites you but does no damage. x2
The seven-headed hydra barely misses you.
You barely miss the seven-headed hydra. You headbutt the seven-headed hydra.
The seven-headed hydra is moderately wounded.
The seven-headed hydra bites you but does no damage.
The seven-headed hydra bites you!
* * * LOW HITPOINT WARNING * * *
You block the seven-headed hydra's attack.
The seven-headed hydra bites you!
* * * LOW HITPOINT WARNING * * *
The seven-headed hydra barely misses you.
The seven-headed hydra misses you.
The seven-headed hydra bites you but does no damage.
Unknown command.
You feel much better.
The seven-headed hydra completely misses you.
The seven-headed hydra bites you!
* * * LOW HITPOINT WARNING * * *
The seven-headed hydra bites you but does no damage. x2
You block the seven-headed hydra's attack.
The seven-headed hydra bites you but does no damage. x2
You gain the combat prowess of a mighty hero.
The seven-headed hydra closely misses you.
The seven-headed hydra bites you.
* * * LOW HITPOINT WARNING * * *
The seven-headed hydra bites you.
* * * LOW HITPOINT WARNING * * *
The seven-headed hydra bites you.
* * * LOW HITPOINT WARNING * * *
The seven-headed hydra bites you.
* * * LOW HITPOINT WARNING * * *
The seven-headed hydra bites you but does no damage. x2
You sock the seven-headed hydra! You headbutt the seven-headed hydra!
The seven-headed hydra is severely wounded.
The seven-headed hydra bites you.
You die...

..P#..#.###
*,,,....,,,,,,,**
..P...#..P#
*,,....,,**,,***
.....<....## *,,..#*,,,****
.P...#.....# **#..##*,**
......##..#### ###....##,,*
..#P...!.....###........,**
..##.##..............P#**,*
...#...†..P.....D....## ***
.....†..........@.P..#
....................##
.<†..P..##.P.##.##.##
..#.#..#######.##*##
.####### ##* ##


You could see a seven-headed hydra.

Vanquished Creatures
  2 hydras (Lair:2)
  A ghost crab (Lair:3)
  Urug (Lair:3)
  A spectral hydra (Lair:3)
  Pikel (D:4)
  The ghost of Newt the Trooper, a novice DsGl of Hepliaklqana (D:7)
  A wolf spider (Lair:4)
  5 black mambas
  8 cane toads
  An unseen horror zombie (D:6)
  2 rime drakes
  4 komodo dragons
  2 polar bears
  21 blink frogs
  A spectral dream sheep (Lair:3)
  26 yaks
  3 wyverns
  A spectral komodo dragon (Lair:3)
  A basilisk (Lair:2)
  2 steam dragons
  2 vampire mosquitoes
  2 swamp worms
  Edmund (D:4)
  9 water moccasins
  Duvessa (D:4)
  An ogre (D:7)
  2 black bears (D:8)
  An orc warrior (D:7)
  A sky beast (D:7)
  27 wolves
  2 centaurs
  A phantom (D:4)
  2 spectral wyverns
  2 kobold brigands
  A lemure (D:4)
  13 bullfrogs
  3 necrophages
  Dowan (D:4)
  2 howler monkeys (D:8)
  An electric eel (Lair:1)
  3 vampire bats (D:8)
  A centaur zombie (D:6)
  6 hounds
  5 jellies
  A gnoll bouda (D:5)
  A centaur skeleton (D:6)
  2 iguanas
  4 orc wizards
  A howler monkey zombie (D:6)
  4 adders
  6 gnolls
  2 shadow imps
  2 white imps
  An ufetubus (D:6)
  5 worms
  17 orcs
  3 bat skeletons (D:8)
  A bat zombie (D:8)
  6 endoplasms
  2 giant cockroaches
  6 goblins
  3 hobgoblins
  6 jackals (D:1)
  19 kobolds
  9 quokkas
  5 ball pythons
  5 bats
  A frilled lizard (D:1)
  6 rats
293 creatures vanquished.

Vanquished Creatures (others)
  An orc (D:8)
  12 fungi
  43 plants
56 creatures vanquished.

Grand Total: 349 creatures vanquished

Notes
Turn   | Place    | Note
-------+----------+-------------------------------------------
     0 | D:1      | bande the Gargoyle Fighter began the quest for the Orb.
     0 | D:1      | Reached XP level 1. HP: 14/14 MP: 1/1
    43 | D:1      | Reached skill level 2 in Axes
    51 | D:1      | Reached XP level 2. HP: 14/19 MP: 2/2
   135 | D:1      | HP: 1/20 [frozen (1)]
   494 | D:1      | Reached XP level 3. HP: 24/24 MP: 3/3
  1125 | D:2      | Reached XP level 4. HP: 24/29 MP: 4/4
  1860 | D:3      | Found a sacrificial altar of Ru.
  2057 | D:3      | Found a white marble altar of Elyvilon.
  2145 | D:3      | Reached XP level 5. HP: 19/33 MP: 5/5
  2400 | D:3      | Identified a scroll of acquirement
  2400 | D:3      | Acquired a +1 vampiric broad axe
  2627 | D:4      | Noticed a lemure
  2634 | D:4      | Killed a lemure
  2653 | D:4      | Identified the +10 quarterstaff of Tonwul {venom, Str+3}
  2658 | D:4      | Reached skill level 3 in Axes
  2684 | D:4      | Noticed Edmund
  2693 | D:4      | Killed Edmund
  2694 | D:4      | Reached XP level 6. HP: 38/38 MP: 6/6
  2707 | D:4      | Found a transporter.
  2737 | D:4      | Noticed Duvessa
  2737 | D:4      | Noticed Dowan
  2739 | D:4      | Reached skill level 4 in Axes
  2744 | D:4      | Killed Duvessa
  2745 | D:4      | Reached skill level 5 in Armour
  2748 | D:4      | Killed Dowan
  2749 | D:4      | Reached XP level 7. HP: 43/44 MP: 7/7
  2959 | D:4      | Found a stormy altar of Qazlal.
  3021 | D:4      | Noticed Pikel
  3031 | D:4      | Killed Pikel
  3032 | D:4      | Reached skill level 5 in Fighting
  3032 | D:4      | Reached skill level 6 in Axes
  3032 | D:4      | Reached XP level 8. HP: 49/49 MP: 8/8
  3117 | D:4      | Found a transporter.
  3191 | D:4      | Found a blossoming altar of Fedhas.
  3272 | D:5      | Entered Level 5 of the Dungeon
  4306 | D:6      | Reached skill level 7 in Axes
  4333 | D:6      | Found a broken altar of Ashenzari.
  4730 | D:6      | Reached skill level 1 in Evocations
  4935 | D:6      | Found a runed translucent gate.
  4935 | D:6      | Found a runed translucent gate.
  4935 | D:6      | Found a runed translucent gate.
  4940 | D:6      | Noticed Newt's ghost (novice DsGl)
  5127 | D:7      | Reached XP level 9. HP: 24/55 MP: 9/9
  5717 | D:7      | Killed Newt's ghost
  5718 | D:7      | Reached skill level 8 in Axes
  5718 | D:7      | Reached skill level 5 in Shields
  6035 | D:6      | HP: 1/55 [unseen horror zombie (7)]
  6894 | D:7      | Found a staircase to the Ecumenical Temple.
  6913 | Temple   | Entered the Ecumenical Temple
  7145 | Temple   | Became a worshipper of Warmaster Okawaru
  7430 | D:7      | Reached skill level 1 in Invocations
  7430 | D:7      | Reached XP level 10. HP: 59/61 MP: 10/10
  7468 | D:7      | Reached skill level 9 in Axes
  8296 | D:8      | Found an ancient bone altar of Kikubaaqudgha.
  8346 | D:8      | Reached * piety under Okawaru
  8560 | D:8      | Found a staircase to the Lair.
  8869 | D:8      | Found a glowing golden altar of the Shining One.
  9003 | Lair:1   | Entered Level 1 of the Lair of Beasts
  9254 | Lair:1   | Noticed a cane toad
  9262 | Lair:1   | Killed a cane toad
  9262 | Lair:1   | Reached ** piety under Okawaru
  9303 | Lair:1   | Noticed a black mamba
  9313 | Lair:1   | Killed a black mamba
  9535 | Lair:1   | Reached skill level 10 in Axes
 10174 | Lair:2   | Gained mutation: You are dopey. (Int -2) [potion of
                  | mutation]
 10174 | Lair:2   | Gained mutation: Your movements are slightly less
                  | encumbered by armour. (ER -2) [potion of mutation]
 10174 | Lair:2   | Gained mutation: You have a pair of small horns on your
                  | head. [potion of mutation]
 10175 | Lair:2   | Lost mutation: You have a pair of small horns on your head.
                  | [potion of mutation]
 10175 | Lair:2   | Lost mutation: You are dopey. (Int -2) [potion of mutation]
 10175 | Lair:2   | Lost mutation: Your movements are slightly less encumbered
                  | by armour. (ER -2) [potion of mutation]
 10175 | Lair:2   | Gained mutation: You have a pair of small horns on your
                  | head. [potion of mutation]
 10175 | Lair:2   | Gained mutation: You are strong-willed. (Will+) [potion of
                  | mutation]
 10175 | Lair:2   | Gained mutation: Your flesh is heat resistant. (rF+)
                  | [potion of mutation]
 10203 | Lair:2   | Noticed a cane toad
 10211 | Lair:2   | Killed a cane toad
 10211 | Lair:2   | Reached *** piety under Okawaru
 10212 | Lair:2   | Reached XP level 11. HP: 67/67 MP: 13/13
 10663 | Lair:1   | Reached skill level 5 in Evocations
 10887 | Lair:2   | Noticed a five-headed hydra
 10893 | Lair:1   | Reached **** piety under Okawaru
 10919 | Lair:2   | Killed an eight-headed hydra
 11501 | Lair:2   | Reached skill level 5 in Invocations
 12166 | Lair:2   | Reached ***** piety under Okawaru
 12248 | Lair:3   | Noticed a five-headed hydra
 12258 | Lair:2   | Killed a five-headed hydra
 12357 | Lair:3   | Found a staircase to the Snake Pit.
 12620 | Lair:3   | Reached skill level 11 in Axes
 12648 | Lair:3   | Reached XP level 12. HP: 75/75 MP: 16/16
 13060 | Lair:3   | Received a gift from Okawaru
 13135 | Lair:3   | Noticed Urug
 13147 | Lair:3   | Killed Urug
 13627 | Lair:3   | Found a staircase to the Swamp.
 13627 | Lair:3   | Noticed a ghost crab
 13634 | Lair:3   | Reached skill level 10 in Armour
 13641 | Lair:3   | HP: 3/75 [ghost crab (9)]
 13646 | Lair:3   | Killed a ghost crab
 14475 | Lair:4   | Received a gift from Okawaru
 14823 | Lair:4   | Reached skill level 12 in Axes
 15609 | Lair:5   | Entered Level 5 of the Lair of Beasts
 15613 | Lair:5   | Reached XP level 13. HP: 80/80 MP: 18/18
 15656 | Lair:4   | Received a gift from Okawaru
 15762 | Lair:5   | HP: 2/81 [seven-headed hydra (3)]
 15763 | Lair:5   | Slain by a seven-headed hydra

Illustrated notes

Levels and vault maps discovered:
D:1:      wander_arrival_abandoned_jail, layout_rooms,
          nicolae_figureground_sparkle
D:2:      layout_basic
D:3:      layout_basic, nicolae_overflow_crystal_walls, lemuel_round_altar
D:4:      gammafunk_wand_slinger, layout_rooms, fedhas_altar_fruit_tree,
          grunt_qazlal_clouds, kennysheep_cross_bottleneck,
          roderic_serpentine_path, uniq_duvessa, uniq_pikel, uniq_edmund
D:5:      layout_basic, nicolae_fountain_basement
D:6:      layout_loops_ring, old_standard_altar, gammafunk_ghost_necromancy,
          st_stairs_6
D:7:      layout_loops_ring, minmay_temple_entry_mini_moons, worms_lemuel
D:8:      layout_loops_ring, kennysheep_vampire_church,
          mainiacjoe_overflow_tiny_flanked, david_lair_generic
Temple:   minmay_freezing_vapour_temple
Lair:1:   layout_gridlike, chequers_serial_rivers_small_b,
          chequers_serial_rivers_small_b
Lair:2:   layout_small_grid, lemuel_fruit_fields, serial_bayou_shore_b,
          grunt_megastairs_4, lemuel_fruit_tree, lemuel_fruit_fields
Lair:3:   layout_chaotic_city, nicolae_swamp_entry_spooky, dummy_snake_entry,
          uniq_urug
Lair:4:   layout_cellular_growth, minivault_27, bh_autumn_forest_stairs,
          nicolae_lair_run_with_the_wolves
Lair:5:   minmay_lair_end_frog_pond, layout_loops_ring,
          minmay_slime_entry_pillars, portal_ice_cave_entry_pillars_1,
          lemuel_fruit_fields

Skill      XL: |  1  2  3  4  5  6  7  8  9 10 11 12 |
---------------+-------------------------------------+-----
Axes           | 2 3 4 6 7 8 10 11 12 | 12.8
Fighting       | 4 5 6 7 8 9 |  9.7
Shields        | 4 5 6 7 |  7.6
Armour         | 4 5 6 7 8 9 10 | 10.4
Evocations     | 1 3 4 5 7 |  7.3
Invocations    | 1 3 5 7 |  7.8

Action                   |  1- 3 |  4- 6 |  7- 9 | 10-12 | 13-15 || total
-------------------------+-------+-------+-------+-------+-------++-------
Melee: War axe           |   100 |    74 |       |       |       ||   174
       Broad axe         |       |    28 |   273 |   542 |    69 ||   912
       Headbutt          |       |       |       |    89 |    23 ||   112
       Flail             |       |       |       |    11 |     8 ||    19
Invok: Heroism           |       |       |       |     3 |     1 ||     4
  Use: Scroll            |       |     9 |    10 |     8 |     2 ||    29
       Potion            |       |       |     1 |     8 |     1 ||    10
 Stab: Sleeping          |       |     2 |       |       |       ||     2
Armor: Scale mail        |    71 |    71 |   237 |   158 |   103 ||   640
       Chain mail        |       |       |    41 |   396 |       ||   437
Dodge: Dodged            |    55 |    54 |   173 |   291 |    79 ||   652
Block: Buckler           |    24 |    24 |   104 |   211 |    42 ||   405

Table legend: (Time is in decaauts)
 A = Elapsed time spent in this place.
 B = Non-inter-level travel time spent in this place.
 C = Inter-level travel time spent in this place.
 D = Time resting spent in this place.
 E = Time spent auto-exploring this place.
 F = Levels seen in this place.
 G = Mean time per level.
                   A        B        C        D        E       F      G
               +--------+--------+--------+--------+--------+-----+--------+
         Total |  16003 |  15914 |     89 |   5187 |   7888 |  14 | 1143.1 |
       Dungeon |   8816 |   8748 |     68 |   2185 |   4995 |   8 | 1102.0 |
        Temple |    384 |    384 |      0 |    329 |      0 |   1 |  384.0 |
          Lair |   6802 |   6781 |     21 |   2673 |   2893 |   5 | 1360.4 |
               +--------+--------+--------+--------+--------+-----+--------+

Top non-repeatable levels by time:
     D:7: 2111 daAuts
  Lair:1: 2090 daAuts
  Lair:3: 1642 daAuts
  Lair:4: 1563 daAuts
  Lair:2: 1400 daAuts
     D:6: 1339 daAuts
     D:3: 1068 daAuts
     D:8: 1039 daAuts
     D:5: 953 daAuts
     D:1: 854 daAuts
     D:2: 766 daAuts
     D:4: 681 daAuts
  Temple: 384 daAuts
  Lair:5: 104 daAuts
